Map: Ulrena

Players

zidar

  • Race: Zerg Zerg
  • League: Gold
  • Spawn Location: 11:00

TheTemplier - Winner!

  • Race: Protoss Protoss
  • League: Gold
  • Spawn Location: 7:00

VOD

Have the link to the VOD?

Description

Time

  • Played on: May 18, 2016, 12:15 p.m.
  • Length: 15:39
Show
View Real Time Build Order
Export as new Build Order

zidar Zerg 

Build Orders: Pool First, Brood Lord Corruptor 

Get SALT Encoding   

  12  0:01  Drone  
  13  0:12  Overlord  
  13  0:17  Drone  
  14  0:30  Drone x2  
  14  0:34  Drone  
  17  0:47  Spawning Pool  
  16  0:50  Drone  
  17  1:14  Hatchery, Drone  
  17  1:18  Extractor  
  16  1:20  Drone  
  17  1:37  Queen  
  18  2:02  Hatchery, Drone  
  18  2:13  Queen  
  20  2:20  Metabolic Boost  
  20  2:24  Drone  
  21  2:34  Drone x2  
  21  2:36  Drone  
  24  2:46  Extractor  
  23  3:22  Zergling x10  
  23  3:23  Zergling x4  
  23  3:26  Queen  
  32  3:30  Drone  
  34  3:34  Drone  
  34  3:35  Overlord  
  33  4:12  Lair  
  33  4:14  Roach Warren  
  32  4:20  Evolution Chamber  
  32  4:22  Evolution Chamber  
  32  4:23  Drone x4  
  34  4:27  Drone  
  35  4:53  Roach x3  
  35  4:59  Overlord x2  
  41  5:07  Spore Crawler  
  41  5:11  Spore Crawler  
  39  5:15  Spore Crawler  
  38  5:39  Drone x2  
  38  5:40  Drone x6  
  46  6:08  Overlord x4  
  46  6:15  Zerg Missile Weapons Level 1  
  46  6:17  Zerg Ground Armor Level 1  
  46  6:50  Hydralisk Den  
  46  6:51  Drone x11  
  56  6:58  Extractor  
  56  6:59  Extractor, Drone x2  
  56  7:00  Drone  
  56  7:28  Hydralisk x6  
  68  7:39  Spire  
  68  7:43  Infestation Pit  
  68  7:44  Drone x2  
  68  7:47  Glial Reconstitution  
  68  7:52  Drone x2  
  67  8:21  Hive  
  67  8:29  Muscular Augments  
  67  8:35  Drone x3  
  67  8:36  Drone x2  
  72  8:44  Drone  
  72  8:45  Drone  
  72  8:47  Overlord x3  
  72  8:48  Overlord x3  
  74  9:07  Zerg Ground Armor Level 2  
  74  9:09  Zerg Melee Weapons Level 1  
  74  9:20  Corruptor x3  
  74  9:21  Corruptor  
  74  9:24  Hatchery  
  81  9:44  Hydralisk x4  
  81  9:45  Hydralisk x4  
  97  9:53  Drone x6  
  103  10:02  Drone  
  103  10:03  Drone x4  
  108  10:12  Extractor  
  108  10:13  Extractor  
  106  10:27  Pneumatized Carapace  
  104  10:39  Greater Spire  
  104  10:46  Corruptor x2  
  104  10:47  Corruptor x3  
  114  10:51  Adrenal Glands  
  114  10:53  Zergling x26  
  127  11:01  Overlord  
  127  11:02  Overlord x3  
  127  11:42  Corruptor x3  
  127  11:45  Zergling x32  
  149  11:51  Brood Lord x3  
  155  11:58  Overlord x2  
  155  11:59  Overlord  
  155  12:04  Zerg Melee Weapons Level 2  
  155  12:24  Zerg Ground Armor Level 3  
  155  12:33  Brood Lord  
  157  12:51  Brood Lord x2  
  159  12:56  Zergling x20  
  171  13:01  Hydralisk x3  
  177  13:07  Zerg Flyer Weapons Level 1  
  139  14:15  Hydralisk x11  
  139  14:16  Hydralisk x11  
  127  14:39  Hydralisk x4  
  127  14:40  Hydralisk x2  
Show
View Real Time Build Order
Export as new Build Order

TheTemplier Protoss - Winner!

Build Orders:  

Get SALT Encoding   

  12  0:02  Probe (Chrono Boost)  
  13  0:15  Probe (Chrono Boost)  
  14  0:26  Pylon  
  14  0:30  Probe (Chrono Boost)  
  15  0:48  Gateway  
  15  0:56  Pylon  
  15  1:03  Assimilator  
  15  1:04  Probe (Chrono Boost), Assimilator  
  16  1:16  Forge  
  16  1:41  Zealot (Chrono Boost)  
  18  1:47  Probe (Chrono Boost)  
  19  1:58  Probe (Chrono Boost)  
  19  1:59  Photon Cannon  
  20  2:07  Photon Cannon  
  20  2:28  Nexus  
  20  2:36  Photon Cannon  
  20  2:53  Pylon  
  20  3:08  Probe (Chrono Boost)  
  21  3:18  Probe (Chrono Boost)  
  22  3:22  Cybernetics Core  
  22  3:29  Probe (Chrono Boost)  
  23  3:36  Pylon  
  23  3:41  Probe (Chrono Boost)  
  25  3:48  Probe (Chrono Boost)  
  25  3:52  Probe (Chrono Boost)  
  26  3:59  Probe (Chrono Boost)  
  28  4:02  Probe (Chrono Boost)  
  28  4:07  Stargate  
  28  4:09  Stargate  
  28  4:12  Probe (Chrono Boost)  
  28  4:13  Probe (Chrono Boost)  
  30  4:23  Probe (Chrono Boost)  
  31  4:33  Mothership Core (Chrono Boost)  
  31  4:36  Probe (Chrono Boost)  
  34  4:44  Protoss Air Weapons Level 1 (Chrono Boost)  
  34  4:46  Probe  
  34  4:52  Phoenix (Chrono Boost)  
  37  4:54  Phoenix (Chrono Boost)  
  39  5:08  Probe (Chrono Boost)  
  40  5:19  Probe (Chrono Boost), Assimilator  
  41  5:22  Assimilator  
  41  5:30  Void Ray  
  41  6:07  Phoenix  
  43  6:13  Phoenix  
  43  6:16  Probe (Chrono Boost)  
  46  6:25  Sentry (Chrono Boost)  
  48  6:26  Probe (Chrono Boost)  
  49  6:48  Pylon  
  49  6:54  Pylon  
  49  6:55  Pylon  
  48  7:17  Photon Cannon  
  48  7:19  Photon Cannon  
  48  7:23  Photon Cannon  
  48  7:30  Photon Cannon  
  48  7:32  Photon Cannon  
  48  7:35  Void Ray (Chrono Boost), Photon Cannon  
  56  7:38  Photon Cannon  
  56  7:39  Protoss Air Armor Level 1  
  56  7:41  Void Ray (Chrono Boost), Photon Cannon  
  56  7:49  Nexus  
  56  7:56  Pylon  
  56  7:59  Pylon  
  56  8:13  Void Ray (Chrono Boost)  
  64  8:20  Void Ray (Chrono Boost)  
  64  8:25  Photon Cannon  
  64  8:28  Probe (Chrono Boost), Photon Cannon  
  65  8:38  Probe (Chrono Boost)  
  66  8:49  Void Ray (Chrono Boost)  
  66  8:53  Stargate  
  70  8:57  Photon Cannon  
  70  8:58  Void Ray (Chrono Boost)  
  70  9:01  Photon Cannon  
  74  9:08  Probe (Chrono Boost)  
  75  9:12  Probe (Chrono Boost)  
  76  9:19  Probe (Chrono Boost)  
  76  9:23  Probe (Chrono Boost)  
  78  9:25  Void Ray  
  82  9:33  Probe (Chrono Boost)  
  82  9:36  Void Ray  
  87  9:43  Probe (Chrono Boost), Protoss Shields Level 1 (Chrono Boost)  
  88  9:52  Probe  
  89  10:00  Void Ray  
  89  10:03  Probe  
  94  10:13  Fleet Beacon, Probe  
  95  10:36  Void Ray  
  95  10:39  Void Ray  
  103  10:43  Probe  
  104  10:52  Assimilator  
  104  10:54  Probe  
  104  10:55  Void Ray, Assimilator  
  109  10:58  Protoss Air Weapons Level 2 (Chrono Boost)  
  109  11:04  Probe  
  110  11:15  Probe  
  111  11:25  Probe  
  111  11:32  Void Ray  
  116  11:36  Probe  
  117  11:42  Pylon  
  117  11:45  Pylon  
  117  11:47  Pylon  
  117  11:53  Pylon  
  117  11:59  Probe  
  117  12:00  Void Ray  
  122  12:02  Graviton Catapult (Chrono Boost)  
  122  12:03  Cybernetics Core  
  122  12:12  Photon Cannon  
  134  12:39  Carrier  
  134  12:40  Carrier  
  140  13:07  Protoss Air Armor Level 2 (Chrono Boost)  
  140  13:08  Carrier  
  146  13:37  Stargate  
  146  13:39  Nexus  
  146  13:43  Pylon  
  146  13:45  Pylon  
  146  13:49  Pylon  
  146  13:52  Pylon  
  148  14:04  Carrier  
  146  14:11  Carrier  
  122  14:40  Photon Cannon  
  122  14:43  Probe, Photon Cannon  
  123  14:45  Photon Cannon  
  123  14:48  Photon Cannon  
  123  14:52  Photon Cannon  
  119  14:53  Probe  
  119  14:54  Void Ray  
  119  14:55  Photon Cannon  
  119  14:58  Photon Cannon  
  122  15:02  Photon Cannon  
  122  15:04  Probe  
  127  15:14  Probe  
  132  15:25  Probe  
Tags
 
League
GoldGold
Matchup
PvZ
Opening
Pool First
Spawn Locations
Close Positions
Add a new tag
Caveats
  • Supply blocks, unpowered buildings, or Contaminate may cause inaccurate times.
  • Supply counts are checked every 10 seconds.